 Dungeon Crawl Stone Soup version 0.31-a0-700-gf13585253f (webtiles) character file.

Game seed: 11496351376846691691

467 qw the Shooter (level 7, -3/44 HPs)
             Began as a Gargoyle Hunter on Sept 7, 2023.
             Was an Initiate of Okawaru.
             Slain by a gnoll
             ... wielding a +0 club
             ... led by a gnoll bouda
              (6 damage)
             ... on level 5 of the Dungeon.
             The game lasted 00:01:16 (3335 turns).

qw the Shooter (Gargoyle Hunter)                    Turns: 3335, Time: 00:01:17

Health: -3/44      AC: 12    Str: 15    XL:     7   Next: 8%
Magic:  5/7        EV: 13    Int:  9    God:    Okawaru [......]
Gold:   199        SH:  0    Dex: 15    Spells: 6/6 levels left

rFire   . . .        Y - +2 shortbow (flame)
rCold   . . .        (shield currently unavailable)
rNeg    + . .        d - +0 ring mail
rPois   inf          (no helmet)
rElec   +            j - +0 cloak
rCorr   .            (no gloves)
SInv    .            (no boots)
Will    .....        (no amulet)
Stlth   +++          (no ring)
HPRegen 0.27/turn    (no ring)
MPRegen 0.10/turn

%: no passive effects
@: heroic, weakened
A: sickness immunity, AC +4, negative energy resistance 1, electricity
resistance, torment resistance 1, petrification resistance
a: Renounce Religion


You were on level 5 of the Dungeon.
You worshipped Okawaru.
Okawaru was noncommittal.
You visited 2 branches of the dungeon, and saw 6 of its levels.

You collected 199 gold pieces.


Innate Abilities, Weirdness & Mutations

You are immune to sickness and miasma.
Your stone body is resilient. (AC +4)
You are immune to poison.
You resist negative energy. (rN+)
You are resistant to electric shocks. (rElec)
You are resistant to unholy torment.
You are immune to petrification.


   Skills:
 - Level 4.7(9.7) Fighting
 + Level 7.1(12.1) Ranged Weapons
 - Level 1.0(6.0) Armour
 - Level 1.5(6.5) Dodging
 - Level 1.1(6.1) Stealth


You had 6 spell levels left.
You didn't know any spells.
Your spell library was empty.

Inventory:

Hand Weapons
 Y - a +2 shortbow of flaming (weapon)
Armour
 d - a +0 ring mail (worn)
 j - a +0 cloak (worn)
Scrolls
 c - a scroll of acquirement {unknown}
 i - a scroll of identify
Potions
 a - 2 potions of lignification {unknown}
 b - a potion of heal wounds {unknown}
 e - a potion of cancellation
 f - a potion of haste
 g - a potion of enlightenment
 h - a potion of mutation {unknown}
 k - a potion of brilliance {unknown}

Dungeon Overview and Level Annotations

Branches:
Dungeon (5/15)             Temple (1/1) D:4

Altars:
Ashenzari
Cheibriados
Dithmenos
Elyvilon
Fedhas
Gozag
Hepliaklqana
Kikubaaqudgha
Makhleb
Nemelex Xobeh
Okawaru
Qazlal
Ru
Sif Muna
Trog
Uskayaw
Vehumet
Wu Jian
Xom
Yredelemnul
Zin
The Shining One

Shops:
D:2 =

Annotations:
D:2 1 runed translucent door, Crazy Yiuf


Message History

The gnoll bouda closely misses you. The gnoll hits you with a +0 flail!
You shoot an arrow. The arrow hits the gnoll bouda.
The arrow burns the gnoll bouda.
The gnoll bouda is almost dead.
The gnoll bouda hits you with a +2 whip of draining.
The gnoll closely misses you.
You shoot an arrow.
The arrow hits the gnoll bouda but does no damage.
The gnoll bouda is almost dead.
The gnoll bouda gazes fiercely through you!
You feel as though you will be weak longer.
The gnoll bouda hits you with a +2 whip of draining!
The gnoll barely misses you.
You shoot an arrow. The arrow hits the gnoll bouda!
The arrow burns the gnoll bouda.
You kill the gnoll bouda!
Okawaru accepts your kill.
You can now gain great but temporary skills.
The gnoll is no longer moving quickly.
The gnoll hits you with a +0 flail.
3329 ||| INVOKING Heroism.
You gain the combat prowess of a mighty hero.
You can no longer gain great but temporary skills.
The gnoll is no longer moving quickly.
The gnoll misses you. The gnoll hits you but does no damage.
You shoot an arrow. The arrow barely misses the gnoll.
The gnoll completely misses you.
You shoot an arrow. The arrow barely misses the gnoll.
The gnoll hits you with a +0 flail. The gnoll hits you but does no damage.
You shoot an arrow. The arrow hits the gnoll.
The arrow burns the gnoll.
The gnoll is heavily wounded.
The gnoll misses you. The gnoll hits you but does no damage.
You shoot an arrow. The arrow hits the gnoll.
The arrow burns the gnoll.
The gnoll is severely wounded.
The gnoll barely misses you. The gnoll misses you.
You shoot an arrow. The arrow barely misses the gnoll.
The gnoll hits you with a +0 flail. The gnoll misses you.
You shoot an arrow. The arrow closely misses the gnoll.
The gnoll is no longer moving quickly.
The gnoll barely misses you. The gnoll hits you with a +0 club.
You die...

#### )g# ####
####g# .....
#..g@#
#....###.####
#.....#
#.###...########
...............#
##.###.........#
##...#
#.......### ..
.....#####.#.##
... ....# #.#.#


You could see 3 gnolls.

Vanquished Creatures
  An ogre (D:4)
  A bullfrog (D:4)
  A jelly (D:4)
  A gnoll bouda (D:5)
  3 iguanas (D:4)
  2 orc wizards
  2 gnolls (D:5)
  5 adders
  4 worms
  A dart slug (D:3)
  5 orcs
  3 endoplasms
  3 giant cockroaches
  2 goblins
  6 hobgoblins
  3 quokkas
  2 ball pythons
  5 bats
  9 frilled lizards
  8 kobolds
  2 rats (D:2)
69 creatures vanquished.

Notes
Turn   | Place    | Note
-------+----------+-------------------------------------------
     0 | D:1      | qw the Gargoyle Hunter began the quest for the Orb.
     0 | D:1      | Reached XP level 1. HP: 12/12 MP: 1/1
     0 | D:1      | 0 ||| qw: Version: 0.3-a-76-g4403597
     0 | D:1      | 0 ||| qw: Game counter: 542
     0 | D:1      | 0 ||| qw: Melee chars always use a shield: true
     0 | D:1      | 0 ||| qw: God list: Okawaru
     0 | D:1      | 0 ||| qw: Allow faded altars: false
     0 | D:1      | 0 ||| qw: Do Orc after clearing Dungeon:15 true
     0 | D:1      | 0 ||| qw: Do second Lair branch before Depths: true
     0 | D:1      | 0 ||| qw: Lair rune preference: random
     0 | D:1      | 0 ||| qw: Goals: Normal
     0 | D:1      | 0 ||| PLANNING D:1-11
    78 | D:1      | 78 ||| UPGRADING to +0 ring mail.
    93 | D:1      | 93 ||| DROPPING +0 leather armour.
   253 | D:1      | Reached skill level 1 in Armour
   355 | D:1      | 355 ||| READING scroll labelled IMEFE OSOI.
   356 | D:1      | 356 ||| READING scroll labelled KEUNKAC PUPA.
   357 | D:1      | 357 ||| READING scroll labelled ORIENU RONUTTA.
   364 | D:1      | Reached XP level 2. HP: 17/17 MP: 2/2
   563 | D:1      | 563 ||| READING scroll labelled UGROUL KOMM.
   564 | D:1      | 564 ||| READING 2 scrolls labelled QAMOLE UTTOS.
   565 | D:1      | 565 ||| DRINKING 2 bubbling sapphire potions.
   566 | D:1      | 566 ||| DROPPING scroll of butterflies.
   936 | D:2      | Found a faded altar of an unknown god.
  1108 | D:2      | Found Otiojaev's Jewellery Shop.
  1113 | D:2      | 1113 ||| SHOPLISTING +4 ring of protection (504 gold, have
                  | 93).
  1113 | D:2      | 1113 ||| SHOPLISTING +6 ring of strength (504 gold, have
                  | 93).
  1113 | D:2      | 1113 ||| SHOPLISTING amulet of regeneration (420 gold, have
                  | 93).
  1113 | D:2      | 1113 ||| SHOPLISTING ring of Huteo {*Slow rC+ rCorr Str+4}
                  | (515 gold, have 93).
  1194 | D:2      | Reached XP level 3. HP: 15/21 MP: 3/3
  1282 | D:2      | Found a runed translucent door.
  1283 | D:2      | Noticed Crazy Yiuf
  1398 | D:2      | 1398 ||| READING 4 scrolls labelled EMPOCH CEEV.
  1399 | D:2      | 1399 ||| DRINKING 2 dark potions.
  1400 | D:2      | 1400 ||| READING 3 scrolls of identify.
  1400 | D:2      | 1400 ||| IDENTIFYING blue potion
  1401 | D:2      | 1401 ||| READING 2 scrolls of identify.
  1401 | D:2      | 1401 ||| IDENTIFYING metallic coppery potion
  1402 | D:2      | 1402 ||| DROPPING 3 scrolls of vulnerability.
  1403 | D:2      | 1403 ||| DROPPING potion of degeneration.
  1508 | D:3      | Reached skill level 5 in Ranged Weapons
  1808 | D:3      | Found a snail-covered altar of Cheibriados.
  1809 | D:3      | 1809 ||| READING scroll labelled FERIXIBASO.
  1810 | D:3      | 1810 ||| DRINKING 2 brown potions.
  1842 | D:3      | Reached XP level 4. HP: 27/27 MP: 4/4
  1909 | D:3      | Reached skill level 3 in Fighting
  1923 | D:3      | Found a broken altar of Ashenzari.
  1930 | D:3      | Found a sparkling altar of Nemelex Xobeh.
  2190 | D:4      | Noticed a bullfrog
  2197 | D:4      | Killed a bullfrog
  2198 | D:4      | Reached XP level 5. HP: 29/32 MP: 5/5
  2268 | D:4      | Reached skill level 6 in Ranged Weapons
  2308 | D:4      | Found a staircase to the Ecumenical Temple.
  2309 | D:4      | 2309 ||| PLANNING TEMPLE
  2309 | D:4      | 2309 ||| READING scroll labelled HADAETW MUSU.
  2318 | Temple   | Entered the Ecumenical Temple
  2319 | Temple   | 2319 ||| PLANNING OKAWARU WORSHIP
  2337 | Temple   | Became a worshipper of Warmaster Okawaru
  2338 | Temple   | 2338 ||| PLANNING D:1-11
  2379 | D:4      | Found a glowing golden altar of the Shining One.
  2488 | D:4      | Noticed an ogre
  2495 | D:4      | Killed an ogre
  2496 | D:4      | Reached XP level 6. HP: 39/39 MP: 6/6
  2772 | D:4      | 2772 ||| READING scroll of enchant weapon.
  2772 | D:4      | 2772 ||| ENCHANTING +1 shortbow of flaming.
  2862 | D:4      | 2862 ||| UPGRADING to +0 cloak.
  2867 | D:4      | 2867 ||| READING scroll labelled UGOFADWOE.
  2893 | D:5      | Entered Level 5 of the Dungeon
  2901 | D:5      | 2901 ||| STAIRDANCE
  2968 | D:5      | 2968 ||| STAIRDANCE
  2978 | D:5      | 2978 ||| STAIRDANCE
  2984 | D:5      | 2984 ||| STAIRDANCE
  3029 | D:5      | 3029 ||| STAIRDANCE
  3138 | D:5      | Found an opulent altar of Gozag.
  3138 | D:5      | Found a hazy altar of Hepliaklqana.
  3148 | D:5      | 3148 ||| FLEEEEING.
  3151 | D:5      | 3151 ||| FLEEEEING.
  3152 | D:5      | 3152 ||| FLEEEEING.
  3153 | D:5      | 3153 ||| STAIRDANCE
  3167 | D:5      | 3167 ||| STAIRDANCE
  3189 | D:5      | 3189 ||| STAIRDANCE
  3224 | D:5      | 3224 ||| STAIRDANCE
  3226 | D:4      | 3226 ||| DRINKING potion of curing.
  3226 | D:4      | 3226 ||| (to cure confusion)
  3242 | D:4      | Reached * piety under Okawaru
  3300 | D:5      | 3300 ||| INVOKING Heroism.
  3315 | D:5      | Reached skill level 7 in Ranged Weapons
  3315 | D:5      | Reached XP level 7. HP: 44/44 MP: 5/7
  3328 | D:5      | HP: 9/44 [gnoll/+0 flail[a gnoll bouda] (4)]
  3329 | D:5      | 3329 ||| INVOKING Heroism.
  3334 | D:5      | HP: 3/44 [gnoll/+0 flail[a gnoll bouda] (5)]
  3335 | D:5      | Slain by a gnoll

Levels and vault maps discovered:
D:1:      dpeg_arrival_tiny_d, layout_basic, serial_glass, glass_columns_c,
          glass_columns_a, glass_columns_c, glass_columns_c, glass_columns_a,
          glass_columns_a, glass_columns_a, glass_columns_a, glass_columns_b,
          glass_columns_b, glass_columns_c, glass_columns_a, glass_columns_b,
          glass_columns_a, minmay_misc_feat_plants, minmay_gold_behind_fungi
D:2:      layout_basic, shapermc_ecumenical_altar_venn, serial_shops,
          nicolae_shop_hallway_plus, nicolae_titane, uniq_crazy_yiuf_cottage
D:3:      layout_basic, mainiacjoe_overflow_big_doors, cheibrodos_worm_habitat,
          chequers_serial_rivers_room_b
D:4:      layout_loops_ring, mainiacjoe_overflow_brackets,
          minmay_temple_entry_glassed_door, nicolae_elevator_lobby_plus
D:5:      layout_rooms, grunt_gozag_statues, lemuel_crystal_altar,
          roderic_batcave, minmay_lizard_king
Temple:   nicolae_temple_slightly_damp_pantheon

Skill      XL: |  1  2  3  4  5  6 |
---------------+-------------------+-----
Armour         | 1 |  1.0
Ranged Weapons | 5 6 7 |  7.1
Fighting       | 3 4 |  4.7
Dodging        | |  1.5
Stealth        | |  1.1

Action                     |  1- 3 |  4- 6 |  7- 9 || total
---------------------------+-------+-------+-------++-------
   Fire: Shortbow          |    82 |   150 |    20 ||   252
 Invoke: Heroism           |       |     1 |     1 ||     2
    Use: Scroll            |     9 |     3 |       ||    12
         Potion            |     3 |     1 |       ||     4
 Armour: Ring mail         |    36 |    80 |    17 ||   133
         Skin              |     1 |       |       ||     1
  Dodge: Dodged            |    18 |    56 |    15 ||    89

Table legend:
 A = Non-vault XP
 B = Vault XP
 C = Vault XP percentage of total XP
 D = Non-vault monster count
 E = Vault monster count
 F = Vault count percentage of total count
                 A         B        C        D         E       F
            +---------+---------+-------+---------+---------+-------
      Total |     619 |      49 |   7.3 |      59 |      10 |  14.5
            +---------+---------+-------+---------+---------+-------
        D:1 |      10 |       0 |   0.0 |       6 |       0 |   0.0
        D:2 |      27 |       0 |   0.0 |       9 |       0 |   0.0
        D:3 |      67 |       5 |   6.9 |      16 |       1 |   5.9
        D:4 |     407 |      43 |   9.6 |      22 |       8 |  26.7
        D:5 |     108 |       1 |   0.9 |       6 |       1 |  14.3
            +---------+---------+-------+---------+---------+-------
